 Dungeon Crawl Stone Soup version 0.19-a0-1608-g4cf22de (webtiles) character file.

2 jacquesderrida the Charmwright (level 1, -5/11 HPs)
             Began as a Vine Stalker Skald on Sept 17, 2016.
             Slain by a worm (6 damage)
             ... on level 2 of the Dungeon.
             The game lasted 00:00:34 (112 turns).

jacquesderrida the Charmwright (Vine Stalker Skald)  Turns: 112, Time: 00:00:35

Health: -5/11      AC:  3    Str: 14    XL:     1   Next: 30%
Magic:  0/4        EV: 11    Int: 12    God:
Gold:   13         SH:  0    Dex: 16    Spells: 1 memorised, 3 levels left

rFire  . . .     SeeInvis .     a - +0 falchion
rCold  . . .     Gourm    .     b - +0 leather armour
rNeg   + . .     Faith    .     (no shield)
rPois  .         Spirit   +     (no helmet)
rElec  .         Dismiss  .     (no cloak)
rCorr  .         Reflect  .     (no gloves)
MR     .....     Harm     .     (no boots)
Stlth  +.........               (no amulet)
                                i - ring of positive energy
                                f - +3 ring of dexterity

@: no status effects
A: fangs 2, magic shield, antimagic bite, no device heal 3, rot immunity
a: no special abilities


You were on level 2 of the Dungeon.
You were not hungry.

You visited 1 branch of the dungeon, and saw 2 of its levels.

You collected 13 gold pieces.

Inventory:

Hand Weapons
 a - a +0 falchion (weapon)
Armour
 b - a +0 leather armour (worn)
Jewellery
 f - a +3 ring of dexterity (left hand)
 i - a ring of positive energy (right hand)
Scrolls
 g - a scroll of remove curse {unknown}
 h - 2 scrolls of fear {unknown}
Potions
 e - a potion of might {unknown}
Books
 c - a book of Battle

   Spells                             Type                      Level
   a - Infusion                       Charms                       1
   b - Shroud of Golubria             Charms/Translocation         2
   c - Song of Slaying                Charms                       2
   d - Spectral Weapon                Hexes/Charms                 3
   e - Regeneration                   Charms/Necromancy            3
Comestibles
 d - a bread ration


   Skills:
 - Level 1.7 Fighting
 + Level 2.0 Long Blades
 - Level 0.7 Armour
 - Level 0.7 Dodging
 - Level 2.1 Spellcasting
 - Level 3.0 Charms


You had 3 spell levels left.
You knew the following spells:

 Your Spells              Type           Power        Failure   Level  Hunger
a - Infusion              Chrm           #...         12%         1    ##.....


Dungeon Overview and Level Annotations

Branches:
Dungeon (2/15)

Altars:


Innate Abilities, Weirdness & Mutations

You have extremely sharp teeth.
When hurt, damage is shared between your health and your magic reserves.
Your bite disrupts and absorbs the magic of your enemies.
Potions and wands cannot restore your health.
You are immune to rotting.


Message History

Found a scroll labeled GUBOSAO LIVEDGH.
Found a stone staircase leading down.
There is a stone staircase leading up here.
h - 2 scrolls labeled GUBOSAO LIVEDGH (gained 1)
You see here a mace.
Found a stone staircase leading down.
Found a scroll labeled DOAM VYHYWE.
An adder and a worm come into view.
A kobold comes into view. It is wielding a whip.
You see here a scroll labeled DOAM VYHYWE.
The adder hisses angrily.
The worm bites you.
You hit the worm. Your bite misses the worm.
The worm is moderately wounded.
The worm bites you!
* * * LOW HITPOINT WARNING * * *
You slash the worm!
The worm is heavily wounded.
The worm bites you.
Ouch! That really hurt!
You die...

# #.#... #.# .#
##......### #.###.#
###..#.#..##.. ......
..........##..# #S...
.##..#.#.###..####...#
.....................##
#<.).##.....K....#
#.##.##....##?...#
#.##.##.#..@wS...#
#.##.##.##.##..#.#
#>##.##....##..# #
#..............#
####...........#
#..>....##.###.#
#.#####.##.# .# #
#.##.# .. #.....


You could see a worm and an adder.

Vanquished Creatures
  2 frilled lizards (D:1)
  A kobold (D:1)
3 creatures vanquished.

Notes
Turn   | Place    | Note
-------+----------+-------------------------------------------
     0 | D:1      | jacquesderrida the Vine Stalker Skald began the quest for the Orb.
     0 | D:1      | Reached XP level 1. HP: 11/11 MP: 4/4
   112 | D:2      | Slain by a worm

Vault maps used:
D:1:      dpeg_arrival_simpleton_c, serial_forest, infiniplex_forest_zigzag_2,
          infiniplex_forest_lined_4_way, infiniplex_forest_clump_curved,
          infiniplex_forest_fountain, infiniplex_forest_clump_small,
          infiniplex_forest_lined_3_way, infiniplex_forest_clump_double,
          infiniplex_forest_straight_2
D:2:      ecumenical_altar_1, kennysheep_cluttered_room,
          minmay_item_behind_shaft

Skill      XL: |  1 |
---------------+----+-----
Long Blades    | 2 |  2.0
Fighting       | |  1.7
Armour         | |  0.7
Dodging        | |  0.7
Spellcasting   | |  2.1
Charms         | |  3.0

Action                   || total
-------------------------++-------
Melee: Falchion          ||     7
Armor: Leather armour    ||     2
Dodge: Dodged            ||     3
